[Event "Titled Tuesday Blitz August 08 Late 2023"]
[White "Osiecki, Stanislaw"]
[Black "Biliy, Vadim"]
[WhiteFideId "1102990"]
[BlackFideId "14114127"]
[WhiteElo "2020"]
[BlackElo "2210"]
[Result "1-0"]
[Round "10"]
[TimeControl "180+1"]
[Date "2023.08.08"]
[WhiteClock "0:00:02"]
[BlackClock "0:00:00"]
[Board "105"]

1. e4 d6 2. d4 Nf6 3. Nc3 g6 4. f4 Bg7 5. Nf3 O-O 6. Be2 Na6 7. O-O c5 8. d5 b5 9. Bxb5 Rb8 10. Be2 Nc7 11. Kh1 e6 12. dxe6 Bxe6 13. Ng5 Bc8 14. Be3 Ne6 15. Rb1 Nxg5 16. fxg5 Ne8 17. Bf4 Be6 18. a3 Bxc3 19. bxc3 Rxb1 20. Qxb1 Qa5 21. Qb2 Qa4 22. Bf3 Qc4 23. Rd1 d5 24. exd5 Qxf4 25. dxe6 fxe6 26. Qb5 Qxg5 27. Qc4 Ng7 28. Re1 Qf4 29. Qxc5 g5 30. Qd4 g4 31. Qxf4 Rxf4 32. Be4 Nh5 33. Kg1 Nf6 34. Bd3 Kf7 35. c4 h5 36. c5 Ra4 37. Rb1 Rxa3 38. Rb7+ Ke8 39. c6 Kd8 40. Rg7 Rc3 41. Bg6 Rxc6 42. Rf7 e5 43. Bf5 a5 44. Ra7 Rc5 45. Kf2 e4 46. Bg6 Rxc2+ 47. Kg3 Rc5 48. Ra6 1-0


[Site "https://www.chess.com"]

[Event "Titled Tuesday Blitz August 08 Late 2023"]
[White "Osmonbekov, Talaibek"]
[Black "Petersson, Kjell"]
[WhiteFideId "2017253"]
[BlackFideId "1705148"]
[WhiteElo "2159"]
[BlackElo "2188"]
[Result "1-0"]
[Round "10"]
[TimeControl "180+1"]
[Date "2023.08.08"]
[WhiteClock "0:00:13"]
[BlackClock "0:00:12"]
[Board "106"]

1. d4 f5 2. Nc3 Nf6 3. e4 fxe4 4. Bg5 d5 5. Qd2 Bf5 6. f3 Nc6 7. O-O-O Qd7 8. Bb5 O-O-O 9. Nge2 exf3 10. gxf3 a6 11. Ba4 e6 12. Ng3 Bg6 13. Nge2 Bb4 14. a3 Ba5 15. h4 h6 16. Bf4 Nh5 17. Bh2 Rhf8 18. Qe3 Rf7 19. Rhg1 Bh7 20. Rdf1 Rdf8 21. Kb1 b5 22. Bb3 Kb7 23. Nd1 Qe7 24. Rg4 Nf6 25. Rgg1 Ne8 26. Nf4 Rf6 27. Nd3 Nd6 28. Nc5+ Ka7 29. Be5 R6f7 30. Bxd6 Qxd6 31. Qxe6 Qxe6 32. Nxe6 Rg8 33. Bxd5 Nd8 34. Nxd8 Rxd8 35. Bxf7 Rxd4 36. Ne3 Bb6 37. Rxg7 Rd2 38. Rxh7 Bxe3 39. Bg6 Kb6 40. h5 Bf4 41. Bd3 Rh2 42. Rf7 Bg5 43. Bg6 Rh4 44. f4 Bd8 45. f5 Re4 46. f6 a5 47. Bxe4 b4 48. Rd7 bxa3 49. Rxd8 axb2 50. Kxb2 1-0


[Site "https://www.chess.com"]

[Event "Titled Tuesday Blitz August 08 Late 2023"]
[White "Powell, Paul"]
[Black "Vargas, Mauricio"]
[WhiteFideId "2005840"]
[BlackFideId "4404572"]
[WhiteElo "2176"]
[BlackElo "1891"]
[Result "1-0"]
[Round "10"]
[TimeControl "180+1"]
[Date "2023.08.08"]
[WhiteClock "0:00:23"]
[BlackClock "0:00:00"]
[Board "107"]

1. d4 d5 2. Nf3 Bg4 3. Ne5 Bh5 4. Bf4 f6 5. Nf3 Bf7 6. e3 g5 7. Bg3 h5 8. h3 c6 9. c3 Nd7 10. Be2 Bg7 11. Nbd2 Nh6 12. Bd3 Qb6 13. Qb3 e6 14. Rc1 O-O 15. Qc2 Kh8 16. O-O e5 17. e4 g4 18. hxg4 hxg4 19. Nh4 Rac8 20. exd5 Bxd5 21. Ng6+ Kg8 22. Ne7+ Kh8 23. Nxc8 Rxc8 24. dxe5 Nxe5 25. Bf5 Rf8 26. Be4 f5 27. Bxd5 cxd5 28. Bf4 Ng6 29. Bg5 f4 30. Nb3 g3 31. Nd4 1-0


[Site "https://www.chess.com"]

[Event "Titled Tuesday Blitz August 08 Late 2023"]
[White "Upper, John"]
[Black "Oliveira, Tiago Batista"]
[WhiteFideId "2606437"]
[BlackFideId "2108291"]
[WhiteElo "1950"]
[BlackElo "2171"]
[Result "0-1"]
[Round "10"]
[TimeControl "180+1"]
[Date "2023.08.08"]
[WhiteClock "0:00:01"]
[BlackClock "0:00:01"]
[Board "108"]

1. b3 Nf6 2. Bb2 d5 3. e3 Bf5 4. d3 Nbd7 5. Nf3 e6 6. Nbd2 Bb4 7. a3 Ba5 8. h3 O-O 9. g4 Bg6 10. Be2 c5 11. c4 dxc4 12. bxc4 Qc7 13. Qc2 Rfd8 14. Rd1 e5 15. Kf1 Bxd2 16. Nxd2 Nf8 17. Kg2 Ne6 18. Ne4 Nxe4 19. dxe4 Ng5 20. f3 Qc6 21. Rd5 Rxd5 22. cxd5 Qxd5 23. Bc4 Qc6 24. h4 Nxf3 25. h5 Bxe4 26. Qc3 Rd8 27. Rf1 Rd2+ 28. Rf2 Rxf2+ 29. Kxf2 h6 30. Qb3 Qf6 31. Ke2 Qh4 32. Bxf7+ Kh8 33. Kd1 Qe1# 0-1


[Site "https://www.chess.com"]

[Event "Titled Tuesday Blitz August 08 Late 2023"]
[White "Thiel, Thomas"]
[Black "Hirneise, Jens"]
[WhiteFideId "4615964"]
[BlackFideId "24614734"]
[WhiteElo "2173"]
[BlackElo "2494"]
[Result "0-1"]
[Round "10"]
[TimeControl "180+1"]
[Date "2023.08.08"]
[WhiteClock "0:01:36"]
[BlackClock "0:02:08"]
[Board "109"]

1. e4 e5 2. Nf3 Nc6 3. d4 exd4 4. Nxd4 Nf6 5. Nxc6 bxc6 6. Qe2 Be7 7. Nc3 O-O 8. e5 Nd5 9. Nxd5 cxd5 10. Bf4 d6 11. O-O-O Be6 12. Qd2 Rb8 13. Bd3 c5 14. exd6 Bxd6 15. Bxd6 Qxd6 16. Qa5 c4 17. Be2 Qf4+ 18. Kb1 Qf6 19. c3 Qxf2 20. Bf3 Qxb2# 0-1


[Site "https://www.chess.com"]

[Event "Titled Tuesday Blitz August 08 Late 2023"]
[White "Burke, Paul"]
[Black "Scott-fox21"]
[WhiteFideId "2605767"]
[WhiteElo "1859"]
[BlackElo "2376"]
[Result "1/2-1/2"]
[Round "10"]
[TimeControl "180+1"]
[Date "2023.08.08"]
[WhiteClock "0:00:14"]
[BlackClock "0:00:16"]
[Board "110"]

1. e4 c5 2. Nf3 d6 3. d4 cxd4 4. c3 d3 5. Bxd3 g6 6. Bc4 Bg7 7. Bg5 Nc6 8. Qb3 f6 9. Bxg8 fxg5 10. Bxh7 e6 11. Bxg6+ Kd7 12. e5 Nxe5 13. Nxe5+ Bxe5 14. Nd2 Qf6 15. Be4 d5 16. Bf3 Bxh2 17. O-O-O Bf4 18. Rxh8 Qxh8 19. g3 Bxd2+ 20. Rxd2 Qf6 21. Bxd5 exd5 22. Qxd5+ Ke7 23. Re2+ Be6 24. Qxb7+ Kd6 25. Qxa8 Bd5 26. Qb8+ Kc6 27. Qc8+ Kd6 28. Qb8+ Kc6 29. Qc8+ Kd6 30. Qb8+ 1/2-1/2


[Site "https://www.chess.com"]

[Event "Titled Tuesday Blitz August 08 Late 2023"]
[White "Semenova, Alina"]
[Black "elcala"]
[WhiteFideId "24113875"]
[WhiteElo "2070"]
[BlackElo "1726"]
[Result "1-0"]
[Round "10"]
[TimeControl "180+1"]
[Date "2023.08.08"]
[WhiteClock "0:01:22"]
[BlackClock "0:00:16"]
[Board "111"]

1. e4 d5 2. exd5 Qxd5 3. Nc3 Qd6 4. d4 Nf6 5. Nf3 Bg4 6. Bc4 e6 7. Be3 a6 8. h3 Bh5 9. g4 Bg6 10. Ne5 Nc6 11. Nxg6 hxg6 12. Qf3 O-O-O 13. O-O-O Be7 14. Bf4 Qd7 15. Qe3 Bd6 16. Be5 Rh7 17. Ne4 Nxe4 18. Qxe4 Bxe5 19. dxe5 Qe7 20. Bxa6 Rxd1+ 21. Rxd1 Rxh3 22. Rd4 bxa6 23. Qxc6 Qg5+ 24. Kb1 Rh1+ 25. Qxh1 Qxe5 26. Qa8# 1-0


[Site "https://www.chess.com"]

[Event "Titled Tuesday Blitz August 08 Late 2023"]
[White "Perez Ponsa, Federico"]
[Black "Firouzja, Alireza"]
[WhiteFideId "117927"]
[BlackFideId "12573981"]
[WhiteElo "2915"]
[BlackElo "3093"]
[Result "1/2-1/2"]
[Round "11"]
[TimeControl "180+1"]
[Date "2023.08.08"]
[WhiteClock "0:00:04"]
[BlackClock "0:00:03"]
[Board "2"]

1. e4 c5 2. Nf3 d6 3. d4 cxd4 4. Nxd4 Nf6 5. Nc3 Nc6 6. Be2 e5 7. Nb3 h6 8. O-O Be6 9. f4 Be7 10. Kh1 a5 11. a4 O-O 12. f5 Bd7 13. g4 Nb4 14. g5 hxg5 15. Bxg5 Bc6 16. Bf3 Nh7 17. Bxe7 Qxe7 18. Rg1 Kh8 19. Rg3 Qf6 20. Qd2 g6 21. Qh6 gxf5 22. Qxf6+ Nxf6 23. Rh3+ Nh7 24. exf5 Nxc2 25. Bxc6 bxc6 26. Rc1 Nb4 27. Ne4 f6 28. Rg1 d5 29. Nec5 Rg8 30. Rg6 Ra7 31. Ne6 Rf7 32. Nbc5 e4 33. Kg1 Re7 34. Kf1 Nd3 35. Nxd3 exd3 36. Rgh6 Rb7 37. b3 d2 38. Ke2 Rg2+ 39. Kd1 Kg8 40. Rg3+ Rxg3 41. hxg3 Rxb3 42. Rg6+ Kh8 43. Kxd2 Rb4 44. g4 Rxa4 45. Rh6 Kg8 46. Rg6+ Kh8 47. Nd8 Ng5 48. Nxc6 Rxg4 49. Ne7 Ne4+ 50. Kd3 Rxg6 51. fxg6 Kg7 52. Nxd5 Nc5+ 53. Kc4 Nb7 54. Nf4 f5 55. Kb5 Kf6 56. Ka4 Nc5+ 57. Kxa5 Ne6 58. Nd5+ Ke5 59. Ne7 f4 60. g7 Nxg7 61. Ng6+ Kf5 62. Nxf4 1/2-1/2


[Site "https://www.chess.com"]

[Event "Titled Tuesday Blitz August 08 Late 2023"]
[White "Nguyen, Ngoc Truong Son"]
[Black "Paravyan, David"]
[WhiteFideId "12401110"]
[BlackFideId "4194985"]
[WhiteElo "2962"]
[BlackElo "3053"]
[Result "0-1"]
[Round "11"]
[TimeControl "180+1"]
[Date "2023.08.08"]
[WhiteClock "0:00:03"]
[BlackClock "0:00:17"]
[Board "3"]

1. d4 d5 2. c4 e6 3. Nc3 Nf6 4. cxd5 Nxd5 5. e4 Nxc3 6. bxc3 c5 7. Nf3 cxd4 8. cxd4 Bb4+ 9. Bd2 Bxd2+ 10. Qxd2 O-O 11. Bc4 Nd7 12. O-O b6 13. d5 Nf6 14. Rfe1 exd5 15. exd5 Bb7 16. Rad1 b5 17. Bxb5 Qxd5 18. Qxd5 Bxd5 19. Nd4 Bxa2 20. Ra1 Bd5 21. Ra5 g6 22. Bc6 Rad8 23. Bxd5 Rxd5 24. Rxd5 Nxd5 25. Ra1 Ra8 26. Nc6 a6 27. h4 Kf8 28. h5 gxh5 29. Ra5 Nf6 30. Nb4 Rb8 31. Nxa6 Rb1+ 32. Kh2 Kg7 33. Nc5 Ng4+ 34. Kg3 Rb2 35. Ne4 Re2 36. f3 Ne3 37. Rxh5 Rxg2+ 38. Kf4 Nc2 39. Ng3 Nd4 40. Re5 Ne6+ 41. Kg4 Kg6 42. f4 h5+ 43. Kf3 Ra2 44. Nxh5 Nd4+ 45. Ke4 Nf5 46. Kf3 Ra3+ 47. Kg4 Ne3+ 48. Kh4 Ng2+ 49. Kg4 f5+ 50. Rxf5 Ne3+ 51. Kh4 Nxf5+ 52. Kg4 Nh6+ 0-1


[Site "https://www.chess.com"]

[Event "Titled Tuesday Blitz August 08 Late 2023"]
[White "Lysyj, Igor"]
[Black "Martinez Alcantara, Jose Eduardo"]
[WhiteFideId "4150120"]
[BlackFideId "3805662"]
[WhiteElo "2886"]
[BlackElo "3042"]
[Result "0-1"]
[Round "11"]
[TimeControl "180+1"]
[Date "2023.08.08"]
[WhiteClock "0:00:00"]
[BlackClock "0:00:03"]
[Board "4"]

1. d4 Nf6 2. c4 e6 3. Nc3 Bb4 4. e3 O-O 5. Bd3 d5 6. a3 Be7 7. Nf3 a6 8. O-O dxc4 9. Bxc4 b5 10. Ba2 Bb7 11. Qe2 c5 12. dxc5 Bxc5 13. e4 Nc6 14. e5 Nd7 15. Bf4 Qb6 16. Rfd1 Rfd8 17. Ne4 Be7 18. h4 Nf8 19. h5 Nd4 20. Qe3 Nxf3+ 21. gxf3 Qxe3 22. Bxe3 Nd7 23. Bd4 g6 24. hxg6 hxg6 25. Kg2 Bxe4 26. fxe4 Nc5 27. Kf3 Rac8 28. Rac1 Na4 29. Rxc8 Rxc8 30. Bb3 Bg5 31. Bxa4 bxa4 32. Bc3 Rc4 33. Rd7 Kf8 34. Bb4+ Kg7 35. Bc3 Kf8 36. Ra7 Rc6 37. Ke2 Bf4 38. f3 Kg7 39. Rb7 Rc5 40. Rb4 Bxe5 41. Bxe5+ Rxe5 42. Rxa4 a5 43. Rc4 f5 44. b4 axb4 45. axb4 Kf6 46. Ke3 Rb5 47. exf5 gxf5 48. f4 Rd5 49. Rd4 Rb5 50. Rc4 Ke7 51. Kd4 Kd6 52. Kc3 Rb8 53. Rd4+ Kc7 54. Kc4 Re8 55. Rd2 e5 56. Re2 e4 57. Kc5 Rd8 0-1


[Site "https://www.chess.com"]

[Event "Titled Tuesday Blitz August 08 Late 2023"]
[White "Iturrizaga Bonelli, Eduardo"]
[Black "Rasulov, Vugar"]
[WhiteFideId "3901211"]
[BlackFideId "13402390"]
[WhiteElo "2980"]
[BlackElo "2882"]
[Result "1-0"]
[Round "11"]
[TimeControl "180+1"]
[Date "2023.08.08"]
[WhiteClock "0:00:22"]
[BlackClock "0:00:11"]
[Board "5"]

1. c4 Nf6 2. Nc3 c5 3. Nf3 g6 4. d4 cxd4 5. Nxd4 Bg7 6. e4 Nc6 7. Be2 O-O 8. Be3 d6 9. O-O Nxd4 10. Bxd4 Be6 11. Rc1 Qa5 12. b3 Rfc8 13. Kh1 a6 14. a4 Nd7 15. Bxg7 Kxg7 16. f4 f6 17. Bf3 Rab8 18. Re1 Nc5 19. e5 dxe5 20. fxe5 f5 21. Nd5 Bxd5 22. cxd5 Qb4 23. d6 Ne6 24. h3 Rxc1 25. Qxc1 Rc8 26. Qa1 Rd8 27. Bd5 Nf4 28. Rd1 e6 29. Rd4 Qc5 30. b4 Qxd5 31. Rxd5 Nxd5 32. Qd4 f4 33. Qa7 Rd7 34. Qb8 Nxb4 35. Qe8 Rf7 36. d7 Nc6 37. d8=Q Nxd8 38. Qxd8 b5 39. a5 b4 40. Qb6 Rf5 41. Qb7+ Kh6 42. Qxb4 Rxe5 43. Qxf4+ Rg5 44. h4 Kg7 45. hxg5 e5 46. Qf6+ Kg8 47. Qxa6 e4 48. Qc4+ Kf8 49. Qxe4 Kf7 50. a6 Kf8 51. a7 Kf7 52. a8=Q h6 53. Qae8+ Kg7 54. Q4e7# 1-0


[Site "https://www.chess.com"]

[Event "Titled Tuesday Blitz August 08 Late 2023"]
[White "Zhigalko, Sergei"]
[Black "Fier, Alexandr"]
[WhiteFideId "13502956"]
[BlackFideId "2107139"]
[WhiteElo "2906"]
[BlackElo "2808"]
[Result "1-0"]
[Round "11"]
[TimeControl "180+1"]
[Date "2023.08.08"]
[WhiteClock "0:00:24"]
[BlackClock "0:01:08"]
[Board "6"]

1. e4 Nf6 2. e5 Nd5 3. d4 d6 4. Nf3 g6 5. Bc4 Nb6 6. Bb3 Bg7 7. Qe2 O-O 8. h3 c5 9. dxc5 dxc5 10. O-O c4 11. Bxc4 Nxc4 12. Qxc4 Nc6 13. Re1 Bf5 14. c3 Rc8 15. Qf4 Qd5 16. Nbd2 Rfd8 17. Nf1 Qa5 18. Ng3 Be6 19. Qh4 Bd5 20. Ng5 h6 21. N5e4 g5 22. Nxg5 hxg5 23. Qxg5 Nxe5 24. Rxe5 f6 25. Qg6 Bf7 26. Qxf7+ Kxf7 27. Rxa5 Rd1+ 28. Kh2 e6 29. Rxa7 Rc7 30. Bf4 1-0


[Site "https://www.chess.com"]

[Event "Titled Tuesday Blitz August 08 Late 2023"]
[White "Kamsky, Gata"]
[Black "Pakleza, Zbigniew"]
[WhiteFideId "2000024"]
[BlackFideId "1119290"]
[WhiteElo "2962"]
[BlackElo "2842"]
[Result "1-0"]
[Round "11"]
[TimeControl "180+1"]
[Date "2023.08.08"]
[WhiteClock "0:00:05"]
[BlackClock "0:00:00"]
[Board "7"]

1. d4 d6 2. e4 Nf6 3. Nc3 c6 4. f4 Qb6 5. Nf3 Bg4 6. a3 e6 7. h3 Bxf3 8. Qxf3 d5 9. e5 Nfd7 10. b4 Qxd4 11. Bb2 g5 12. fxg5 Bg7 13. Be2 Nxe5 14. Qg3 Nc4 15. Bxc4 Qxc4 16. O-O-O Nd7 17. Rhf1 a5 18. Rf4 Be5 19. Rxc4 Bxg3 20. Rg4 Be5 21. b5 Nb6 22. Re1 Bg7 23. bxc6 bxc6 24. Na4 Bxb2+ 25. Nxb2 O-O-O 26. Rf4 Rd7 27. Ref1 Rg8 28. h4 Rg7 29. Rf6 Kd8 30. Kd2 Ke7 31. Kc3 Rb7 32. Nd3 Nd7 33. Rh6 c5 34. Nf4 Ne5 35. Re1 d4+ 36. Kd2 Nc4+ 37. Kd3 Nxa3 38. Nh5 Rg8 39. Rxh7 Rd8 40. Rf1 c4+ 41. Ke4 Kd6 42. Rhxf7 Rxf7 43. Rxf7 Kc5 44. Nf6 d3 45. cxd3 cxd3 46. Nd7+ Kc4 47. Ne5+ Kc3 48. Rc7+ Kd2 49. g6 Nc2 50. g7 Rd4+ 51. Kf3 Ne1+ 52. Kg3 Rd8 53. h5 Ke3 54. Nxd3 Nxd3 55. h6 Nf4 56. Kg4 Nd5 57. Rf7 a4 58. h7 1-0


[Site "https://www.chess.com"]

[Event "Titled Tuesday Blitz August 08 Late 2023"]
[White "Morefield, Jason"]
[Black "Henriquez Villagra, Cristobal"]
[WhiteFideId "30920825"]
[BlackFideId "3409350"]
[WhiteElo "2743"]
[BlackElo "2869"]
[Result "1-0"]
[Round "11"]
[TimeControl "180+1"]
[Date "2023.08.08"]
[WhiteClock "0:00:05"]
[BlackClock "0:00:05"]
[Board "8"]

1. e4 d6 2. d4 Nf6 3. Nc3 e5 4. dxe5 dxe5 5. Qxd8+ Kxd8 6. Bc4 Ke8 7. f4 Bb4 8. Bd3 Nbd7 9. Nf3 Nc5 10. O-O Bxc3 11. bxc3 exf4 12. Bxf4 c6 13. Rae1 Be6 14. Nd4 Nfd7 15. Bd6 g6 16. Nf5 Bxa2 17. Ng7+ Kd8 18. c4 b5 19. cxb5 Nxd3 20. cxd3 cxb5 21. Ra1 Rg8 22. Rxa2 Rxg7 23. Rb1 g5 24. Rxb5 Rg6 25. e5 Re6 26. d4 f6 27. d5 Rxe5 28. Bxe5 Nxe5 29. Rb7 Rc8 30. Raxa7 h5 31. Rh7 Rc1+ 32. Kf2 Rc2+ 33. Ke3 Ng6 34. Ra8+ Rc8 35. Rxc8+ Kxc8 36. Ke4 h4 37. Rf7 Ne5 38. Rxf6 Ng4 39. Rg6 Nxh2 40. Rxg5 Nf1 41. Kf3 Nd2+ 42. Kg4 Kd7 43. Kxh4 Ne4 44. Rf5 Nd6 45. g4 Ke7 46. Kg5 Ne4+ 47. Kf4 Nd6 48. Re5+ 1-0


[Site "https://www.chess.com"]

[Event "Titled Tuesday Blitz August 08 Late 2023"]
[White "Fedoseev, Vladimir"]
[Black "Klukin, Kirill"]
[WhiteFideId "24130737"]
[BlackFideId "24199273"]
[WhiteElo "3081"]
[BlackElo "2775"]
[Result "1-0"]
[Round "11"]
[TimeControl "180+1"]
[Date "2023.08.08"]
[WhiteClock "0:01:11"]
[BlackClock "0:00:03"]
[Board "9"]

1. Nf3 Nf6 2. g3 d5 3. Bg2 Bf5 4. O-O e6 5. d3 Be7 6. c4 c6 7. Qb3 Qb6 8. Qc2 Nbd7 9. cxd5 exd5 10. Nc3 O-O 11. Be3 Qd8 12. h3 h6 13. Rfb1 Re8 14. b4 a6 15. a4 Rc8 16. Qd2 Bd6 17. Bf4 Qe7 18. Bxd6 Qxd6 19. Nd4 Bg6 20. Qf4 Qe7 21. a5 Nh5 22. Qd2 Qe5 23. Nf3 Qd6 24. Na4 Nhf6 25. Nc5 Rc7 26. Rc1 Ne5 27. Nd4 Nfd7 28. f4 Qf6 29. fxe5 Nxe5 30. Qf4 Qe7 31. Rf1 Rcc8 32. Rae1 Rb8 33. Kh2 Qd8 34. Nde6 Qd6 35. Nd4 Qd8 36. h4 b6 37. axb6 Qxb6 38. Rb1 a5 39. bxa5 Qxc5 40. Rxb8 Rxb8 41. Qxe5 Rb2 42. Ne6 Qc2 43. Qxg7# 1-0


[Site "https://www.chess.com"]

[Event "Titled Tuesday Blitz August 08 Late 2023"]
[White "Andreikin, Dmitry"]
[Black "Willy, Stephen"]
[WhiteFideId "4158814"]
[BlackFideId "30981468"]
[WhiteElo "3006"]
[BlackElo "2575"]
[Result "1-0"]
[Round "11"]
[TimeControl "180+1"]
[Date "2023.08.08"]
[WhiteClock "0:02:10"]
[BlackClock "0:01:01"]
[Board "10"]

1. h4 e5 2. h5 Nf6 3. h6 d5 4. d4 exd4 5. Qxd4 Nc6 6. Qh4 gxh6 7. Nf3 Bf5 8. c3 Be7 9. Bxh6 Ne4 10. Qh2 Qd7 11. e3 Bd6 12. Bf4 O-O-O 13. Bb5 f6 14. Nd4 Bg6 15. Nd2 Nc5 16. Nxc6 bxc6 17. Be2 Nd3+ 18. Bxd3 Bxd3 19. Nb3 Rde8 20. O-O-O Bg6 21. Rd4 Qf5 22. Qh3 Qxh3 23. Rxh3 Re4 24. Rxe4 Bxe4 25. f3 Bxf4 26. exf4 Bg6 27. g4 f5 28. Nc5 fxg4 29. fxg4 Kd8 30. f5 Be8 31. g5 Rg8 32. Rxh7 1-0


[Site "https://www.chess.com"]

[Event "Titled Tuesday Blitz August 08 Late 2023"]
[White "Xiong, Jeffery"]
[Black "Haydon, David L"]
[WhiteFideId "2047640"]
[BlackFideId "415405"]
[WhiteElo "2969"]
[BlackElo "2783"]
[Result "1-0"]
[Round "11"]
[TimeControl "180+1"]
[Date "2023.08.08"]
[WhiteClock "0:01:53"]
[BlackClock "0:00:07"]
[Board "11"]

1. d4 Nf6 2. c4 e6 3. Nc3 Bb4 4. Nf3 b6 5. Qc2 Bb7 6. a3 Bxc3+ 7. Qxc3 d6 8. e3 Nbd7 9. Be2 c5 10. O-O O-O 11. b4 Qc7 12. Bb2 Rac8 13. Nd2 cxd4 14. exd4 a5 15. Qg3 Ne4 16. Nxe4 Bxe4 17. d5 e5 18. f4 f6 19. Qe3 Bg6 20. Rac1 exf4 21. Qxf4 axb4 22. axb4 Ne5 23. Bd4 Nd3 24. Bxd3 Bxd3 25. Rfe1 Bxc4 26. Re6 Qf7 27. Rxd6 Bxd5 28. Rxc8 Rxc8 29. Bxb6 Bb7 30. Qd2 Bc6 31. Rxc6 Rxc6 32. Qd8+ Qf8 33. Qd5+ Kh8 34. Qxc6 h6 35. Bc5 Qe8 36. Qxe8+ 1-0


[Site "https://www.chess.com"]

[Event "Titled Tuesday Blitz August 08 Late 2023"]
[White "He, Anthony"]
[Black "Kuzmicz, Krystian"]
[WhiteFideId "2088215"]
[BlackFideId "1119125"]
[WhiteElo "2947"]
[BlackElo "2775"]
[Result "1/2-1/2"]
[Round "11"]
[TimeControl "180+1"]
[Date "2023.08.08"]
[WhiteClock "0:00:11"]
[BlackClock "0:00:05"]
[Board "12"]

1. d4 g6 2. Nc3 Bg7 3. e4 c6 4. h4 d5 5. e5 h5 6. Nf3 Bg4 7. Bd3 e6 8. Bg5 Qb6 9. a3 Bxf3 10. gxf3 Qxd4 11. f4 Bh6 12. Qf3 Nd7 13. O-O-O Bxg5 14. hxg5 Qb6 15. Ne2 Ne7 16. Kb1 c5 17. c4 d4 18. Ng3 O-O-O 19. Ne4 Nf5 20. Ka2 Nb8 21. Nf6 Nc6 22. Be4 d3 23. Rxd3 Rxd3 24. Qxd3 Rd8 25. Qc3 Nfd4 26. Rd1 Ne2 27. Rxd8+ Qxd8 28. Qe3 Qd1 29. b3 Ncd4 30. Kb2 Nxb3 31. Bc2 Qa1+ 32. Kxb3 Nd4+ 33. Ka4 Qb2 34. Bb3 a6 35. Bd1 b5+ 36. Ka5 bxc4 37. Ba4 Kb7 38. Nd7 Nc6+ 39. Bxc6+ Kxc6 40. Qxc5+ Kxd7 41. Qd6+ Ke8 42. Kxa6 c3 43. f5 gxf5 44. g6 fxg6 45. Qxe6+ Kd8 46. Qd6+ Kc8 47. Qc6+ Kb8 48. Qd6+ Kc8 49. Qc6+ Kd8 50. Qd6+ Kc8 1/2-1/2


[Site "https://www.chess.com"]

[Event "Titled Tuesday Blitz August 08 Late 2023"]
[White "Nazari, Arad"]
[Black "Grigoriants, Sergey"]
[WhiteFideId "12577324"]
[BlackFideId "4130804"]
[WhiteElo "2768"]
[BlackElo "2898"]
[Result "1-0"]
[Round "11"]
[TimeControl "180+1"]
[Date "2023.08.08"]
[WhiteClock "0:00:09"]
[BlackClock "0:00:03"]
[Board "13"]

1. e4 c6 2. Nf3 d5 3. Nc3 Bg4 4. h3 Bxf3 5. Qxf3 Nf6 6. Be2 e6 7. O-O Bc5 8. Rd1 Bd4 9. Qf4 Qb6 10. e5 Nfd7 11. Na4 Qb4 12. c3 Qxa4 13. b3 Qa5 14. cxd4 O-O 15. Bb2 Na6 16. Bc3 Qa3 17. Bd3 Nb4 18. Bb1 a5 19. Qh4 g6 20. Qg3 a4 21. Bd3 Nxd3 22. Qxd3 axb3 23. axb3 Qe7 24. Ba5 b6 25. Bc3 c5 26. Qb5 Rfc8 27. Ra4 Rxa4 28. Qxa4 cxd4 29. Bxd4 Nc5 30. Qb5 Qd7 31. Qxb6 Nd3 32. Qa6 Nf4 33. g3 Nxh3+ 34. Kg2 Ng5 35. b4 Ne4 36. f3 Ng5 37. Be3 h6 38. b5 d4 39. Bxg5 hxg5 40. b6 Qd5 41. Qxc8+ 1-0


[Site "https://www.chess.com"]

[Event "Titled Tuesday Blitz August 08 Late 2023"]
[White "Mekhitarian, Krikor Sevag"]
[Black "Tari, Aryan"]
[WhiteFideId "2107660"]
[BlackFideId "1510045"]
[WhiteElo "2759"]
[BlackElo "2896"]
[Result "1-0"]
[Round "11"]
[TimeControl "180+1"]
[Date "2023.08.08"]
[WhiteClock "0:00:49"]
[BlackClock "0:00:01"]
[Board "14"]

1. Nf3 c5 2. c4 Nc6 3. Nc3 g6 4. e3 Nf6 5. d4 cxd4 6. Nxd4 Bg7 7. Nc2 d6 8. Be2 O-O 9. O-O Nd7 10. e4 Nc5 11. Bd2 f5 12. exf5 Bxf5 13. Ne3 Be6 14. Rb1 Nd4 15. b4 Nd7 16. Ned5 Nb6 17. Bd3 Nxd5 18. Nxd5 Bxd5 19. cxd5 Qd7 20. Be3 Nf5 21. Bg5 h6 22. Bd2 Rac8 23. Qg4 Qe8 24. Rbe1 Bc3 25. Bxc3 h5 26. Qg5 Rxc3 27. Re6 Qf7 28. Bxf5 Qxf5 29. Rxg6+ 1-0


[Site "https://www.chess.com"]

[Event "Titled Tuesday Blitz August 08 Late 2023"]
[White "Khanin, Semen"]
[Black "carokannlover213"]
[WhiteFideId "4111990"]
[WhiteElo "2883"]
[BlackElo "2737"]
[Result "1/2-1/2"]
[Round "11"]
[TimeControl "180+1"]
[Date "2023.08.08"]
[WhiteClock "0:00:18"]
[BlackClock "0:00:02"]
[Board "15"]

1. e4 e6 2. d4 d5 3. e5 c5 4. c3 Nc6 5. Nf3 Qb6 6. Na3 cxd4 7. cxd4 Bb4+ 8. Bd2 Nge7 9. Nc2 Bxd2+ 10. Qxd2 Qxb2 11. Bd3 Ng6 12. O-O Qb6 13. h4 Qa5 14. Qg5 Qd8 15. Qg3 Kf8 16. h5 Nge7 17. h6 gxh6 18. Qf4 Ng8 19. Ne3 Kg7 20. g3 f6 21. Kg2 fxe5 22. dxe5 Nge7 23. Qf6+ Kg8 24. Qxh6 Qf8 25. Qh3 h5 26. Rh1 Qg7 27. Qh4 Ng6 28. Qg5 Ngxe5 29. Rxh5 Rxh5 30. Qxh5 Bd7 31. Rh1 Nxd3 32. Nxd5 Be8 33. Nf6+ Qxf6 34. Qh7+ Kf8 35. Qxd3 Bg6 36. Qe3 Ke7 37. Rh6 Qf5 38. Nh4 Qe4+ 39. Kh2 Qxe3 40. Nxg6+ Kf6 41. fxe3 Kg5 42. Rh7 Kxg6 43. Rxb7 Ne5 44. Kg2 Kf5 45. a4 Ke4 46. Re7 Kxe3 47. Rxe6 Kd4 48. Ra6 Nd3 49. g4 Nc5 50. Rd6+ Ke5 51. Rc6 Nxa4 52. Kg3 Nb6 53. Rc5+ Kd6 54. Ra5 Nc4 55. Ra6+ Kc5 56. g5 Kb5 57. Ra1 a5 58. Kf4 a4 59. g6 a3 60. Kf5 Nd6+ 61. Ke6 Ne4 62. g7 Ng5+ 63. Kf6 Ne4+ 64. Kf7 Kb4 65. Re1 Ra7+ 66. Kg6 Rxg7+ 67. Kxg7 Nc3 68. Ra1 a2 69. Kf6 Kb3 70. Ke5 Kb2 71. Rxa2+ Nxa2 1/2-1/2


[Site "https://www.chess.com"]

[Event "Titled Tuesday Blitz August 08 Late 2023"]
[White "Zemlyanskii, Ivan"]
[Black "Do Valle Cardoso, Lucas"]
[WhiteFideId "24249971"]
[BlackFideId "2163144"]
[WhiteElo "2882"]
[BlackElo "2737"]
[Result "0-1"]
[Round "11"]
[TimeControl "180+1"]
[Date "2023.08.08"]
[WhiteClock "0:00:00"]
[BlackClock "0:00:11"]
[Board "16"]

1. d4 d5 2. Bf4 Nf6 3. e3 c5 4. Nf3 e6 5. c3 Nc6 6. Nbd2 Bd6 7. Bg3 O-O 8. Bd3 Re8 9. Ne5 Bxe5 10. dxe5 Nd7 11. f4 c4 12. Be2 Qb6 13. Bf2 Qxb2 14. Rc1 Nb6 15. O-O Bd7 16. Nf3 Ne7 17. Nd4 Na4 18. Qe1 Nf5 19. g4 Nxd4 20. exd4 b5 21. Be3 a5 22. f5 b4 23. cxb4 axb4 24. f6 Nc3 25. Bf3 Rxa2 26. Rf2 Qa3 27. Rxa2 Nxa2 28. Rd1 b3 29. Qh4 b2 30. Qg5 g6 31. Rb1 c3 32. Bd1 Rc8 33. Bc2 Qf8 34. h4 Nb4 35. Bb3 c2 36. Rxb2 h6 37. Qxh6 Qxh6 38. Bxh6 c1=Q+ 39. Bxc1 Rxc1+ 40. Kh2 Rc8 41. Ba4 Bxa4 42. Rxb4 Be8 43. Rb7 Rc4 44. Rb8 Kf8 45. h5 gxh5 46. gxh5 Rxd4 47. Kg3 Re4 48. h6 Rxe5 49. Kg4 Re1 50. Kg5 Rg1+ 51. Kh5 Rh1+ 52. Kg5 e5 53. Rd8 d4 54. Rd5 Re1 55. Kf5 e4 56. Rxd4 e3 57. Rg4 Bd7+ 0-1


[Site "https://www.chess.com"]